AoeStats
← jgmolina20

Black Forest

510414840Analyzed
3v3 RM · 19h ago on Sep 30, 2026· 55m 41s· 6 players
Game mode
Random Map
Map size
Normal (6 player)
Population
200
Speed
Normal
Resources
Standard
Victory
Conquest
Starting age
Dark Age
Ending age
Imperial Age
RankedLock teamsTeams togetherTeam positionsShared explorationLock speedFull tech treeHidden civsTurbo modeCheats
Victory
Defeat
🇺🇸 Mongols · United States
891
+15
🇧🇷 Franks · Brazil
884
+15
🇦🇷 Koreans · Argentina
883
+15
🇺🇸 Cumans · United States
904
-16
🇨🇴 Goths · Colombia
882
-16
🇨🇴 Persians · Colombia
817
-13
rojasfelix253
0:29 Loom
12:42 Feudal Age
18:13 Man-at-Arms
27:42 Castle Age
27:54 Capped Ram
29:47 Wheelbarrow
29:04 Double-Bit Axe
29:07 Elite Skirmisher
31:32 Gold Mining
31:57 Scale Mail Armor
38:35 Hand Cart
41:38 Imperial Age
40:15 Bow Saw
41:34 Ballistics
41:10 Murder Holes
41:55 Steppe Husbandry
41:51 Cavalier
43:56 Gold Shaft Mining
43:13 Stone Mining
45:04 Chemistry
44:57 Scale Barding Armor
45:15 Chain Mail Armor
46:00 Onager
50:16 Paladin
jgmolina20
10:34 Feudal Age
16:31 Loom
19:55 Castle Age
20:07 Bloodlines
24:09 Light Cavalry
24:58 Husbandry
25:08 Fishing Lines
26:08 Wheelbarrow
25:22 Double-Bit Axe
33:37 Kamandaran
33:42 Crossbowman
36:09 Thumb Ring
39:28 Fletching
39:42 Padded Archer Armor
41:33 Gold Mining
42:45 Hand Cart
42:16 Town Watch
42:53 Bow Saw
42:46 Gillnets
43:29 Caravan
45:48 Town Patrol
48:42 Murder Holes
50:19 Pikeman
50:45 Gambesons
51:00 Squires
50:46 Arson
Black
0:29 Loom
11:27 Feudal Age
11:54 Double-Bit Axe
12:45 Wheelbarrow
13:55 Horse Collar
20:58 Castle Age
19:04 Man-at-Arms
22:36 Bow Saw
22:43 Hand Cart
22:37 Heavy Plow
23:55 Gold Mining
25:27 Stone Mining
26:30 Long Swordsman
27:13 Squires
27:32 Scale Mail Armor
29:21 Forging
31:15 Iron Casting
30:55 Chain Mail Armor
31:51 Chain Mail Armor
36:14 Imperial Age
34:43 Coinage
34:17 Caravan
35:06 Anarchy
37:58 Crop Rotation
38:38 Two-Man Saw
37:00 Two-Handed Swordsman
37:04 Elite Huskarl
38:32 Banking
38:21 Perfusion
38:44 Conscription
52:48 Pikeman
53:04 Halberdier
Prodigy
0:33 Loom
13:01 Feudal Age
17:39 Castle Age
16:08 Double-Bit Axe
19:25 Bow Saw
ftgiants
10:04 Feudal Age
11:07 Double-Bit Axe
19:58 Castle Age
18:27 Gold Mining
20:07 Stone Mining
23:15 Bow Saw
23:24 Loom
26:25 Imperial Age
24:35 Wheelbarrow
26:29 Gold Shaft Mining
26:13 Scale Barding Armor
26:09 Padded Archer Armor
25:59 Fletching
27:30 Hand Cart
28:37 Chemistry
29:10 Ballistics
29:11 Forging
30:45 Cavalier
31:26 Husbandry
33:07 Chain Barding Armor
33:03 Leather Archer Armor
35:08 Conscription
36:18 Elite Throwing Axeman
39:27 Bodkin Arrow
42:01 Plate Barding Armor
42:58 Paladin
50:53 Chivalry
SherlockLopez Arg.
0:27 Loom
14:04 Feudal Age
14:49 Gold Mining
14:47 Double-Bit Axe
23:38 Castle Age
23:58 Wheelbarrow
23:05 Horse Collar
23:19 Stone Mining
24:37 Fletching
25:34 Bow Saw
26:19 Hand Cart
29:11 Forging
29:06 Scale Barding Armor
30:48 Caravan
31:32 Gold Shaft Mining
31:13 Heavy Plow
34:00 Treadmill Crane
34:16 Murder Holes
34:21 Bodkin Arrow
38:27 Stone Shaft Mining
38:27 Fortified Wall
38:38 Ballistics
38:57 Iron Casting
46:19 Imperial Age
44:38 Town Watch
45:20 Chain Barding Armor
45:01 Scale Mail Armor
46:32 Elite War Wagon
47:36 Conscription
48:25 Two-Man Saw
48:49 Chemistry
47:53 Bracer
48:17 Guilds
49:16 Eupseong
52:03 Chain Mail Armor
51:10 Elite Skirmisher
54:38 Plate Mail Armor
55:49 Shinkichon
55:33 Heavy Rocket Cart
Connection lost

Rejoining the realm…

Still unreachable

The connection could not be restored.

Session expired

The server has moved on; the page needs a fresh start.